 Dungeon Crawl Stone Soup version 0.22-a0-880-gb7b0c8b (webtiles) character file.

714146 galech the Minotaur Barricade (level 27, -2/409 HPs)
             Began as a Minotaur Fighter on July 30, 2018.
             Was the Champion of Makhleb.
             Slain by a guardian mummy (4 damage)
             ... on level 3 of the Tomb of the Ancients.
             The game lasted 03:14:54 (65994 turns).

galech the Minotaur Barricade (Minotaur Fighter)   Turns: 65994, Time: 03:14:56

Health: -2/409     AC: 49    Str: 27 (33) XL:     27
Magic:  39/39      EV: 17    Int:  6      God:    Makhleb [******]
Gold:   4458       SH: 31    Dex: 34      Spells: 44/52 levels left

rFire    + + +     SeeInvis .   H - +7 sacred scourge (holy)
rCold    + + .     Gourm    .   K - +2 large shield "Qaetsag" {Str+2}
rNeg     + + +     Faith    .   V - +17 plate armour of Fifif {rElec Regen+}
rPois    +         Spirit   .   Q - -2 hat of the Alchemist {rElec rPois rF+ rC+ rN+ MR+ rMut rCorr}
rElec    +         Reflect  .   k - +5 cloak "Danaatas" {MR++}
rCorr    +         Harm     .   W - +1 pair of gloves {Str+3}
rMut     +                      D - +1 pair of boots
MR       +++++                  O - amulet "Oranux" {rPois rF++ Regen+ Dex+7}
Stlth    ..........             u - ring "Xaxkadool" {rC+ MR+ Str-3 Dex+4}
HPRegen  1.58/turn              w - ring "Ruic" {*Drain rN++ Str+3 Dex+3}
MPRegen  0.26/turn

@: berserking, silence, very slightly contaminated, slowed, invisible
A: retaliatory headbutt, horns 2
}: 3/15 runes: decaying, serpentine, silver
a: Renounce Religion


You were on level 3 of the Tomb of the Ancients.
You worshipped Makhleb.
Makhleb was exalted by your worship.
You were not hungry.

You visited 11 branches of the dungeon, and saw 51 of its levels.
You visited the Abyss 3 times.
You also visited: Labyrinth, Ice Cave and Wizlab.

You collected 10099 gold pieces.
You spent 5641 gold pieces at shops.

Inventory:

Hand Weapons
 H - a +7 sacred scourge of holy wrath (weapon)
Armour
 k - the +5 cloak "Danaatas" (worn) {MR++}
   (You found it in a wizard's laboratory)

   It affects your resistance to hostile enchantments.
 l - a +5 crystal plate armour of ponderousness
 p - +0 gold dragon scales
 D - a +1 pair of boots (worn)
 K - the +2 large shield "Qaetsag" (worn) {Str+2}
   (You took it off Mennas on level 3 of the Depths)

   It affects your strength (+2).
 Q - the -2 hat of the Alchemist (worn) {rElec rPois rF+ rC+ rN+ MR+ rMut rCorr}
   (You found it on level 3 of the Elven Halls)

   It protects you from fire.
   It protects you from cold.
   It insulates you from electricity.
   It protects you from poison.
   It protects you from negative energy.
   It affects your resistance to hostile enchantments.
   It provides partial protection from all sources of acid and corrosion.
   It protects you from mutation.
 V - the +17 plate armour of Fifif (worn) {rElec Regen+}
   (You found it on level 10 of the Dungeon)

   It insulates you from electricity.
   It increases your rate of regeneration.
 W - a +1 pair of gloves of strength (worn)
Jewellery
 a - a +3 ring of evasion
 q - an uncursed ring of flight
 u - the ring "Xaxkadool" (left hand) {rC+ MR+ Str-3 Dex+4}
   (You bought it in a shop on level 3 of the Vaults)

   [ring of protection from magic]

   It affects your strength (-3).
   It affects your dexterity (+4).
   It protects you from cold.
   It affects your resistance to hostile enchantments.
 w - the ring "Ruic" (right hand) {*Drain rN++ Str+3 Dex+3}
   (You bought it in a shop on level 5 of the Vaults)

   [ring of strength]

   It affects your strength (+3).
   It affects your dexterity (+3).
   It greatly protects you from negative energy.
   It causes draining when unequipped.
 O - the amulet "Oranux" (around neck) {rPois rF++ Regen+ Dex+7}
   (You found it on level 10 of the Dungeon)

   [amulet of regeneration]

   It affects your dexterity (+7).
   It greatly protects you from fire.
   It protects you from poison.
   It increases your rate of regeneration.
 R - an uncursed ring of see invisible
 T - the ring of the Will of the Gods {Fire *Corrode rN+++ Dex+2}
   (You took it off a minotaur in a labyrinth)

   [ring of fire]

   It enhances your fire magic.
   It affects your dexterity (+2).
   It protects you from fire.
   It makes you vulnerable to cold.
   It renders you almost immune to negative energy.
   It may corrode you when you take damage.
Wands
 e - a wand of iceblast (8)
 i - a wand of enslavement (9)
 y - a wand of flame (11)
 S - a wand of digging (18)
Scrolls
 b - 7 scrolls of fear
 c - 25 scrolls of remove curse
 h - 13 scrolls of teleportation
 j - 9 scrolls of enchant armour
 n - a scroll of amnesia
 s - 8 scrolls of fog
 t - 12 scrolls of identify
 B - 4 scrolls of acquirement
 E - 2 scrolls of holy word
 N - a scroll of brand weapon
 X - 10 scrolls of magic mapping
Potions
 d - 5 potions of might
 g - 6 potions of ambrosia
 o - 3 potions of magic
 v - 10 potions of brilliance
 z - 3 potions of resistance
 C - 5 potions of agility
 F - 5 potions of cancellation
 G - 9 potions of flight
 J - 8 potions of haste
 L - 8 potions of mutation
 U - a potion of invisibility
Comestibles
 f - 94 rations


   Skills:
 O Level 27 Fighting
   Level 4.0 Long Blades
 + Level 22.9 Maces & Flails
   Level 20.8 Polearms
 + Level 24.7 Armour
 - Level 8.3 Dodging
 - Level 3.1 Stealth
 O Level 27 Shields
 + Level 13.4 Spellcasting
 + Level 14.2 Translocations
 - Level 0.4 Evocations


You had 44 spell levels left.
You knew the following spells:

 Your Spells              Type           Power        Failure   Level  Hunger
a - Controlled Blink      Tloc           N/A          100%        8    #######

Your spell library contained the following spells:

 Spells                   Type           Power        Failure   Level  Hunger
 Cause Fear               Hex            #.........   99%         4    ####...
 Magic Dart               Conj           #...         41%         1    None
 Fireball                 Conj/Fire      #.........   100%        5    ######.
 Conjure Flame            Conj/Fire      #.......     78%         3    ###....
 Bolt of Fire             Conj/Fire      #.........   100%        6    #######
 Bolt of Magma            Conj/Fire/Erth #.........   100%        5    ######.
 Slow                     Hex            #.......     54%         2    #......
 Confuse                  Hex            #.......     78%         3    ###....
 Invisibility             Hex            #.......     100%        6    #######
 Throw Flame              Conj/Fire      #.....       54%         2    #......
 Throw Frost              Conj/Ice       #.....       54%         2    #......
 Mephitic Cloud           Conj/Pois/Air  #.......     78%         3    ###....
 Ring of Flames           Chrm/Fire      #.........   100%        7    #######
 Venom Bolt               Conj/Pois      #.........   100%        5    ######.
 Olgreb's Toxic Radiance  Pois           #.......     99%         4    ####...
 Teleport Other           Tloc           ###.....     1%          3    ###....
 Summon Small Mammal      Summ           #...         41%         1    None
 Lehudib's Crystal Spear  Conj/Erth      #.........   100%        8    #######
 Fire Storm               Conj/Fire      #.........   100%        9    #######
 Blink                    Tloc           N/A          1%          2    #......
 Iskenderun's Mystic Bla  Conj           #.......     99%         4    ####...
 Summon Horrible Things   Summ           #.........   100%        8    #######
 Animate Dead             Necr           N/A          99%         4    ####...
 Pain                     Necr           #...         41%         1    None
 Animate Skeleton         Necr           N/A          41%         1    None
 Vampiric Draining        Necr           #.........   78%         3    ###....
 Freeze                   Ice            #...         41%         1    None
 Sticky Flame             Conj/Fire      #.......     99%         4    ####...
 Summon Ice Beast         Ice/Summ       #.......     99%         4    ####...
 Ozocubu's Armour         Chrm/Ice       #.......     78%         3    ###....
 Call Imp                 Summ           #.......     54%         2    #......
 Poison Arrow             Conj/Pois      #.........   100%        6    #######
 Regeneration             Chrm/Necr      #.........   78%         3    ###....
 Sting                    Conj/Pois      #...         41%         1    None
 Summon Greater Demon     Summ           #.........   100%        7    #######
 Iron Shot                Conj/Erth      #.........   100%        6    #######
 Stone Arrow              Conj/Erth      #.....       78%         3    ###....
 Swiftness                Chrm/Air       #.......     54%         2    #......
 Recall                   Summ/Tloc      N/A          7%          3    ###....
 Spider Form              Tmut/Pois      #.........   78%         3    ###....
 Blade Hands              Tmut           #.........   100%        5    ######.
 Statue Form              Tmut/Erth      #........    100%        6    #######
 Ice Form                 Ice/Tmut       #.......     99%         4    ####...
 Dragon Form              Tmut           #.........   100%        7    #######
 Deflect Missiles         Chrm/Air       #.........   100%        6    #######
 Throw Icicle             Conj/Ice       #.......     99%         4    ####...
 Glaciate                 Conj/Ice       #.........   100%        9    #######
 Confusing Touch          Hex            #.....       41%         1    None
 Flame Tongue             Conj/Fire      #....        41%         1    None
 Passwall                 Tmut/Erth      #.......     54%         2    #......
 Ignite Poison            Fire/Tmut/Pois #.......     78%         3    ###....
 Sticks to Snakes         Tmut           #.......     54%         2    #......
 Call Canine Familiar     Summ           #.......     78%         3    ###....
 Metabolic Englaciation   Hex/Ice        #.........   100%        5    ######.
 Silence                  Hex/Air        #.........   100%        5    ######.
 Shatter                  Erth           #.........   100%        9    #######
 Dispersal                Tloc           ###.......   19%         6    #######
 Static Discharge         Conj/Air       #.......     78%         3    ###....
 Corona                   Hex            #......      41%         1    None
 Lee's Rapid Deconstruct  Erth           #.........   100%        5    ######.
 Sandblast                Erth           #.....       41%         1    None
 Conjure Ball Lightning   Conj/Air       #.........   100%        6    #######
 Chain Lightning          Conj/Air       #.........   100%        8    #######
 Portal Projectile        Hex/Tloc       ##....       7%          3    ###....
 Monstrous Menagerie      Summ           #.........   100%        7    #######
 Petrify                  Tmut/Erth      #.......     99%         4    ####...
 Passage of Golubria      Tloc           N/A          1%          4    ####...
 Malign Gateway           Summ/Tloc      ##........   100%        7    #######
 Tornado                  Air            #.........   100%        9    #######
 Leda's Liquefaction      Hex/Erth       #.........   99%         4    ####...
 Darkness                 Hex            #.........   100%        6    #######
 Shroud of Golubria       Chrm/Tloc      ##........   3%          2    #......
 Inner Flame              Hex/Fire       #.......     78%         3    ###....
 Beastly Appendage        Tmut           #.....       41%         1    None
 Disjunction              Tloc           ###.......   100%        8    #######
 Fulminant Prism          Conj/Hex       #.........   99%         4    ####...
 Dazzling Spray           Conj/Hex       #.....       78%         3    ###....
 Force Lance              Conj/Tloc      ##......     22%         4    ####...
 Infusion                 Chrm           #...         41%         1    None
 Song of Slaying          Chrm           #.......     54%         2    #......
 Spectral Weapon          Hex/Chrm       #.......     78%         3    ###....
 Searing Ray              Conj           #.....       54%         2    #......
 Discord                  Hex            #.........   100%        8    #######
 Summon Lightning Spire   Summ/Air       #.......     99%         4    ####...
 Summon Guardian Golem    Hex/Summ       #.......     78%         3    ###....
 Gell's Gravitas          Tloc           ###.......   1%          3    ###....
 Yara's Violent Unravell  Hex/Tmut       #.........   100%        5    ######.
 Lesser Beckoning         Tloc           ###.......   1%          3    ###....
 Poisonous Vapours        Pois/Air       #.....       54%         2    #......
 Ignition                 Fire           #.........   100%        8    #######
 Borgnjor's Vile Clutch   Necr/Erth      #.........   100%        5    ######.


Dungeon Overview and Level Annotations

Branches:
Dungeon (15/15)            Temple (1/1) D:6            Lair (6/6) D:8
  Swamp (4/4) Lair:4        Snake (4/4) Lair:3        Slime (0/5) Lair:6
    Orc (2/2) D:10            Elf (3/3) Orc:2        Vaults (5/5) D:13
  Crypt (3/3) Vaults:3       Tomb (3/3) Crypt:3      Depths (5/5) D:15
    Zot (0/5) Depths:5

Altars:
Ashenzari
Cheibriados
Dithmenos
Elyvilon
Fedhas
Gozag
Hepliaklqana
Kikubaaqudgha
Makhleb
Nemelex Xobeh
Okawaru
Qazlal
Ru
Sif Muna
Trog
Uskayaw
Vehumet
Wu Jian
Xom
Yredelemnul
Zin
The Shining One
Beogh
Jiyva
Lugonu

Shops:
D:9 =   D:13 :   Orc:2 (*:[   Snake:3 =}}   Vaults:1 %?!(=   Vaults:2 ?
Vaults:3 =   Vaults:4 [*=?(   Vaults:5 =

Portals:
Hell: Depths:1 Depths:2 Depths:3 Depths:4 Depths:5
Abyss: Crypt:2 Depths:4 Depths:5
Pandemonium: Depths:1 Depths:2 Depths:3
Ziggurat: Depths:3


Innate Abilities, Weirdness & Mutations

You reflexively headbutt those who attack you in melee.
You have a pair of horns on your head.


Message History

The orange demon is engulfed in a cloud of scalding steam.
The orange demon stings you.
* * * LOW HITPOINT WARNING * * *
The orange demon closely misses you.
The necrophage is engulfed in a cloud of scalding steam.
The necrophage barely misses you.
A red film seems to cover your vision as you go berserk!
You feel yourself moving faster!
You feel mighty! The smoke demon gestures at you. The ball of steam misses you.
You block the orange demon's attack. x2
The mummy priest mumbles some strange prayers to its god against you.
Something smites you!
* * * LOW HITPOINT WARNING * * *
The necrophage misses you. The smoke demon gestures at you.
Something smites you!
* * * LOW HITPOINT WARNING * * *
The ushabti shakes and rattles deafeningly!
The guardian mummy hits you.
You die...

V.8#.M......?# ##W(#
...#.M..MM.MM## #..#
..###.....8..M# #..#
..# #......§.Z## #..#
.## ##.......88## #..#
*****##$.....W§4####..#
***,**##......W8M§##..#
**,,,**##.....Mn34....#
*,,,,,#*##..##WM@§....#
,,,,,...#####...§.....#
,,,,,........$.§§§...##
,,,*,...(............#
,,***...........§...##
*** *##...........### *
#############


You could see 2 mummy priests, an orange demon, 2 phantasmal warriors, 3
guardian mummies, 4 ushabtiu, a smoke demon, a wraith, a red devil, a
necrophage, 2 mummies and a shadow dragon skeleton.

Vanquished Creatures
  3 ancient liches
  Mennas (Depths:3)
  Mara (Vaults:5)
  Sojobo (Crypt:1)
  25 greater mummies
  Boris (Crypt:3)
  the Lernaean hydra (Swamp:4)
  Saint Roka (Depths:2)
  Bai Suzhen (Vaults:5)
  Xtahua (Crypt:2)
  A curse toe (Crypt:3)
  5 caustic shrikes
  Jory (Depths:4)
  8 golden dragons
  Nikola (Elf:1)
  4 bone dragons
  14 liches
  Jorgrun (Elf:2)
  A shard shrike zombie (Crypt:1)
  4 tentacled monstrosities
  A Hell Sentinel (Depths:4)
  Asterion (Snake:3)
  Rupert (Lair:4)
  2 deep elf blademasters (Elf:3)
  2 quicksilver dragons (Depths:3)
  A kraken (Abyss:3)
  12 sphinxes
  6 titans
  6 tentacled starspawn
  Kirke (D:12)
  An eldritch tentacle (WizLab)
  12 ancient champions
  A sphinx (shapeshifter) (Vaults:4)
  8 nagarajas
  4 storm dragons
  11 tengu reavers
  4 revenants
  7 shadow dragons
  Donald (Elf:2)
  10 fire giants
  4 orc warlords
  21 vault wardens
  11 deep elf sorcerers
  A ghost moth (shapeshifter) (Depths:1)
  9 frost giants
  An iron dragon (Depths:4)
  8 deep elf elementalists
  The ghost of Enoap the Martial Artist, a journeyman DsTm of Okawaru (Swamp:2)
  2 balrugs
  2 cacodemons (Abyss:5)
  A curse skull (Crypt:2)
  2 draconian annihilators (Depths:5)
  13 ghouls
  2 spriggan defenders (Depths:3)
  The ghost of NorthaanB the Spear-Bearer, a journeyman OgNe of Makhleb (Lair:5)
  A reaper (Crypt:2)
  3 war gargoyles
  18 ironheart preservers
  4 bennus
  An entropy weaver (Vaults:4)
  13 very ugly things
  A stone giant (shapeshifter) (Vaults:5)
  A green draconian (Abyss:4)
  14 stone giants
  10 vampire knights
  6 deep elf demonologists
  A yellow draconian (Depths:5)
  A minotaur (Lab)
  3 purple draconians
  A lorocyproca (Abyss:5)
  8 deep elf annihilators
  8 deep elf death magi
  5 spark wasps
  18 ettins
  A merfolk javelineer (Depths:2)
  Snorg (D:12)
  3 red draconians (Depths:5)
  A green death (Abyss:5)
  3 eidola
  23 mummy priests
  A crystal guardian (Abyss:4)
  11 jiangshi
  7 great orbs of eyes
  17 deep elf high priests
  3 blizzard demons
  19 yaktaur captains
  23 ogre magi
  Josephine (D:10)
  6 rakshasas
  5 fire dragons
  12 ice dragons
  Erolcha (Orc:1)
  7 spriggan air magi
  A hell beast (Depths:5)
  18 naga warriors
  4 death knights
  45 vault guards
  17 hydras
  13 centaur warriors
  2 ghost crabs
  An anaconda (shapeshifter) (Vaults:2)
  6 anacondas
  59 two-headed ogres
  10 alligators
  18 deep troll shamans
  13 deep troll earth magi
  21 tengu warriors
  47 death scarabs
  7 death yaks (Lair:5)
  4 hell hogs (Abyss:5)
  8 vampire magi
  25 dancing weapons
  6 shock serpents
  16 small abominations
  19 thrashing horrors
  5 orc high priests
  Sonja (Orc:2)
  7 sun demons
  16 naga sharpshooters
  21 hell knights
  11 spriggan berserkers
  17 deep elf knights
  Urug (Lair:4)
  5 shadow wraiths
  8 wretched stars (Abyss:5)
  5 soul eaters
  36 skeletal warriors
  A fire crab (Abyss:3)
  4 sixfirhies
  A fire crab (shapeshifter) (Vaults:1)
  2 spatial maelstroms (Abyss:5)
  2 iron trolls
  34 large abominations
  A quicksilver dragon simulacrum (Depths:3)
  2 cherubim (D:15)
  An unseen horror (shapeshifter) (Abyss:5)
  5 unseen horrors
  A shadow demon (Abyss:5)
  41 deep trolls
  A torturous demonspawn (Depths:2)
  A ghost moth zombie (Tomb:2)
  A spriggan druid (Swamp:4)
  17 swamp dragons
  9 flayed ghosts
  2 obsidian statues
  12 naga ritualists
  An orange crystal statue (Tomb:1)
  5 glowing orange brains
  18 ironbrand convokers
  5 necromancers
  A lindwurm (Lair:4)
  2 wolf spider zombies
  3 shambling mangroves
  8 wizards
  17 deep elf archers
  22 orc knights
  An iron dragon zombie (Tomb:3)
  16 phantasmal warriors
  A lindwurm (shapeshifter) (Elf:3)
  9 orc sorcerers
  A salamander (shapeshifter) (Depths:2)
  17 mana vipers
  59 ugly things
  6 harpies
  4 wolf spiders
  A manticore (D:10)
  An elephant (shapeshifter) (Vaults:5)
  7 cyclopes
  5 centaur zombies
  36 slime creatures
  63 deep elf magi
  Maurice (Orc:2)
  5 worldbinders
  A sphinx skeleton (Crypt:1)
  A shadow dragon skeleton (Abyss:5)
  8 guardian serpents
  13 salamanders
  2 stone giant skeletons
  A black mamba (shapeshifter) (Depths:3)
  5 elephants
  37 black mambas
  3 ice statues
  2 human skeletons
  3 torpor snails (Depths:4)
  2 apocalypse crabs
  24 naga magi
  12 smoke demons
  18 vault sentinels
  3 orange demons
  A spectral spriggan (Swamp:2)
  2 guardian serpents (shapeshifter)
  10 rust devils
  13 spiny frogs
  A dire elephant zombie (Crypt:1)
  2 gargoyles
  A torpor snail (shapeshifter) (Depths:4)
  3 rime drakes
  4 centaur skeletons
  50 yaktaurs
  A kobold demonologist (D:15)
  2 tormentors
  6 efreet
  An alligator snapping turtle skeleton (Crypt:1)
  8 freezing wraiths
  A komodo dragon (shapeshifter) (Vaults:4)
  2 demonic crawlers
  7 komodo dragons
  2 hellwings
  6 ancient zymes
  A queen bee (Lair:4)
  A black draconian skeleton (Crypt:2)
  6 tengu conjurers
  A redback zombie (Crypt:3)
  46 guardian mummies
  4 red devils
  6 tyrant leeches
  A polar bear (shapeshifter) (Depths:2)
  23 hornets
  3 ice devils
  An iron troll skeleton (Crypt:3)
  6 trolls
  A harpy zombie (Crypt:3)
  6 meliai
  A jumping spider (shapeshifter) (D:14)
  2 hornets (shapeshifter) (Vaults:2)
  A raiju (shapeshifter) (Depths:4)
  A wolf spider simulacrum (Abyss:5)
  15 bog bodies
  4 polar bears (Lair:6)
  34 blink frogs
  A fire giant simulacrum (Vaults:2)
  A guardian serpent zombie (Crypt:3)
  An ettin zombie (Abyss:5)
  14 hippogriffs
  A wind drake (shapeshifter) (Depths:2)
  A hydra skeleton (Abyss:5)
  A satyr zombie (Crypt:2)
  A snapping turtle (shapeshifter) (Vaults:3)
  A fire dragon zombie (Tomb:2)
  35 flying skulls
  5 dream sheep
  14 raiju (Abyss:5)
  A spectral tyrant leech (Swamp:2)
  A frost giant simulacrum (Vaults:2)
  A meliai zombie (D:14)
  4 redbacks
  20 wraiths
  25 spriggans
  10 shadows
  45 yaks
  4 wyverns
  11 ushabtiu
  8 ynoxinuls
  7 air elementals
  An ettin skeleton (Crypt:1)
  A redback (shapeshifter) (Vaults:2)
  A tarantella (shapeshifter) (Elf:3)
  3 fire bats (Abyss:5)
  A human (shapeshifter) (Depths:5)
  9 water elementals
  5 fire elementals
  4 basilisks
  4 chaos spawn
  8 neqoxecs
  22 vampire mosquitoes
  3 hungry ghosts
  5 golden eyes (Abyss:3)
  2 steam dragons
  9 wargs
  17 swamp worms
  3 soldier ants
  5 spatial vortices
  7 acid dragons
  12 insubstantial wisps
  An infernal demonspawn zombie (Crypt:1)
  41 nagas
  2 hydra simulacra
  11 water moccasins
  2 floating eyes (Depths:5)
  A floating eye (shapeshifter) (Vaults:5)
  3 hell hounds
  16 porcupines
  16 ice beasts
  A snapping turtle zombie (Crypt:3)
  An elf zombie (Vaults:1)
  4 phantoms
  6 sky beasts
  17 swamp drakes
  4 black bears
  6 ettin simulacra
  48 orc warriors
  A blink frog zombie (Crypt:1)
  An eye of draining (D:12)
  6 necrophages
  A manticore zombie (Crypt:3)
  62 ogres
  24 boggarts
  A blink frog skeleton (Crypt:2)
  17 centaurs
  2 crocodiles (shapeshifter)
  A snapping turtle skeleton (Abyss:5)
  A spriggan simulacrum (Swamp:2)
  An elephant skeleton (Crypt:2)
  22 wolves
  11 crocodiles
  A hog skeleton (Crypt:1)
  A rime drake zombie (Crypt:2)
  2 big kobolds
  A human zombie (Vaults:1)
  20 bullfrogs
  A tyrant leech simulacrum (Swamp:2)
  A draconian zombie (Crypt:3)
  2 earth elementals
  A spiny frog simulacrum (Swamp:2)
  A wyvern zombie (D:11)
  A queen bee zombie (Crypt:1)
  5 scorpions
  A scorpion (shapeshifter) (Vaults:5)
  A yak zombie (Crypt:3)
  37 killer bees
  2 swamp dragon simulacra (Swamp:2)
  A human simulacrum (Vaults:1)
  3 howler monkeys
  A troll skeleton (Crypt:3)
  A spriggan skeleton (Crypt:1)
  14 wights
  4 electric eels
  10 crimson imps
  5 quasits
  4 hounds
  7 jellies
  75 starcursed masses
  25 orc priests
  A gnoll shaman (D:8)
  33 orc wizards
  A bullfrog skeleton (D:13)
  5 iguanas
  Terence (D:2)
  Jessica (Elf:2)
  An iguana (shapeshifter) (Depths:4)
  A spectral swamp drake (Swamp:2)
  2 hell rats
  7 worker ants
  A deep dwarf zombie (Crypt:2)
  An ogre skeleton (Crypt:3)
  2 hound zombies
  A hound skeleton (D:4)
  38 mummies
  A worker ant zombie (D:8)
  Robin (D:2)
  7 adders
  9 gnolls
  A swamp drake zombie (Crypt:1)
  3 shadow imps
  6 white imps
  An ooze (Abyss:5)
  An adder zombie (D:8)
  A worm (D:9)
  4 leopard geckos
  108 orcs
  3 giant cockroaches
  13 goblins
  10 hobgoblins
  14 jackals
  21 kobolds
  2 quokkas
  A ball python (D:2)
  12 bats
  3 frilled lizards
  A goblin skeleton (Crypt:2)
  A jackal zombie (D:8)
  A leopard gecko skeleton (D:7)
  An orc skeleton (Crypt:1)
  A quokka skeleton (D:5)
  7 rats
  3 crawling corpses
  A lurking horror (Abyss:3)
  3 starspawn tentacles
  5 tentacles (Abyss:3)
3113 creatures vanquished.

Vanquished Creatures (others)
  A fire giant (Depths:4)
  A deep troll shaman (Depths:3)
  7 death scarabs
  A skeletal warrior (Tomb:2)
  A quicksilver dragon simulacrum (Depths:3)
  A deep elf mage (Elf:3)
  A wizard (D:12)
  A guardian mummy (Tomb:1)
  A slime creature (Vaults:3)
  An ettin zombie (Tomb:2)
  A blink frog (WizLab)
  A bog body (Swamp:2)
  A fire giant simulacrum (Tomb:2)
  14 flying skulls
  An alligator skeleton (Tomb:3)
  2 humans (D:12)
  A spectral hornet (Swamp:2)
  An ettin simulacrum (Depths:3)
  A fire dragon simulacrum (Tomb:3)
  2 orc warriors
  An ogre (Vaults:3)
  A boggart (WizLab)
  A starcursed mass (Abyss:5)
  A jelly (Abyss:5)
  5 mummies
  5 orcs (Elf:1)
  A crawling corpse (Vaults:5)
  A fungus (Lair:5)
  A lurking horror (Abyss:3)
  4 plants
  21 starspawn tentacles
  2 tentacles (Abyss:3)
85 creatures vanquished.

Grand Total: 3198 creatures vanquished

Notes
Turn   | Place    | Note
-------+----------+-------------------------------------------
     0 | D:1      | galech the Minotaur Fighter began the quest for the Orb.
     0 | D:1      | Reached XP level 1. HP: 19/19 MP: 0/0
   147 | D:1      | Reached XP level 2. HP: 27/27 MP: 1/1
   592 | D:2      | Reached XP level 3. HP: 29/33 MP: 2/2
   660 | D:2      | Noticed Terence
   684 | D:2      | Killed Terence
   729 | D:2      | Found a hazy altar of Hepliaklqana.
   804 | D:2      | Reached XP level 4. HP: 39/40 MP: 3/3
   850 | D:2      | Noticed Robin
   855 | D:2      | Killed Robin
   980 | D:3      | Reached skill level 1 in Polearms
   980 | D:3      | Reached XP level 5. HP: 31/47 MP: 4/4
  1293 | D:3      | Reached skill level 5 in Shields
  2020 | D:4      | Found a sparkling altar of Nemelex Xobeh.
  2338 | D:4      | Reached XP level 6. HP: 53/53 MP: 5/5
  2723 | D:3      | Found a glowing silver altar of Zin.
  2867 | D:5      | Entered Level 5 of the Dungeon
  2867 | D:5      | Noticed a sky beast
  2877 | D:5      | Killed a sky beast
  2877 | D:5      | Reached skill level 5 in Armour
  3037 | D:5      | Reached XP level 7. HP: 26/60 MP: 6/6
  3373 | D:5      | Found a shattered altar of Ashenzari.
  3427 | D:5      | Reached skill level 5 in Polearms
  3488 | D:5      | Found a bloodstained altar of Trog.
  3580 | D:6      | Found a staircase to the Ecumenical Temple.
  3588 | D:6      | Reached skill level 5 in Fighting
  3621 | Temple   | Entered the Ecumenical Temple
  4049 | D:6      | Found a basalt altar of Yredelemnul.
  4052 | D:6      | Found a hide-covered altar of Uskayaw.
  4193 | D:6      | Found a burning altar of Makhleb.
  4245 | D:6      | Became a worshipper of Makhleb the Destroyer
  4300 | D:6      | Found a sacrificial altar of Ru.
  4366 | D:6      | Found a blossoming altar of Fedhas.
  4375 | D:6      | Reached XP level 8. HP: 68/68 MP: 7/7
  4849 | D:7      | Noticed a hippogriff
  4859 | D:7      | Killed a hippogriff
  5031 | D:7      | Reached skill level 1 in Dodging
  5210 | D:7      | Reached XP level 9. HP: 77/77 MP: 8/8
  5527 | D:8      | Found a staircase to the Lair.
  5626 | D:8      | Reached * piety under Makhleb
  5649 | D:8      | Noticed a two-headed ogre
  5663 | D:8      | Killed a two-headed ogre
  5663 | D:8      | Reached skill level 10 in Polearms
  6237 | D:8      | Noticed a two-headed ogre
  6244 | D:8      | Reached XP level 10. HP: 82/86 MP: 9/9
  6256 | D:8      | Killed a two-headed ogre
  6263 | D:8      | Reached ** piety under Makhleb
  6374 | D:8      | Noticed a two-headed ogre
  6436 | D:8      | Killed a two-headed ogre
  6613 | D:8      | Noticed a seven-headed hydra
  6625 | D:8      | Killed a seven-headed hydra
  6625 | D:8      | Reached skill level 10 in Shields
  7214 | D:8      | Found a shadowy altar of Dithmenos.
  7444 | D:9      | Found Bozxaolu's Jewellery Shoppe.
  7452 | D:9      | Noticed a two-headed ogre
  7464 | D:9      | Killed a two-headed ogre
  7595 | D:9      | Reached XP level 11. HP: 88/95 MP: 10/10
  7890 | D:9      | Found an ancient bone altar of Kikubaaqudgha.
  8079 | D:10     | Entered Level 10 of the Dungeon
  8170 | D:10     | Reached *** piety under Makhleb
  8325 | D:10     | Noticed Josephine
  8654 | D:10     | Reached skill level 10 in Armour
  8670 | D:10     | Found a staircase to the Orcish Mines.
  8690 | D:10     | Got a brightly glowing ivory amulet
  8692 | D:10     | Got a warped plate armour
  8703 | D:10     | Identified the +17 plate armour of Fifif {rElec Regen+} (You found it on level 10 of the Dungeon)
  8704 | D:10     | Identified the amulet "Oranux" {rPois rF++ Regen+ Dex+7} (You found it on level 10 of the Dungeon)
  8924 | D:10     | Killed Josephine
  8963 | Orc:1    | Entered Level 1 of the Orcish Mines
  9097 | Orc:1    | Noticed a two-headed ogre
  9119 | Orc:1    | Killed a two-headed ogre
  9223 | Orc:1    | Reached **** piety under Makhleb
  9548 | Orc:2    | Entered Level 2 of the Orcish Mines
  9593 | Orc:2    | Noticed Erolcha
  9594 | Orc:2    | Noticed an orc knight
  9630 | Orc:1    | Killed Erolcha
  9672 | Orc:1    | Killed an orc knight
  9672 | Orc:1    | Reached XP level 12. HP: 85/106 MP: 11/11
  9739 | Orc:2    | Paralysed by an orc sorcerer for 2 turns
  9821 | Orc:2    | Paralysed by an orc sorcerer for 5 turns
  9908 | Orc:2    | Noticed an orc high priest
 10039 | Orc:2    | Killed an orc high priest
 10039 | Orc:2    | Reached skill level 10 in Fighting
 10057 | Orc:2    | Noticed an orc warlord
 10172 | Orc:2    | Noticed Maurice
 10210 | Orc:2    | Killed Maurice
 10315 | Orc:2    | Found a staircase to the Elven Halls.
 10383 | Orc:2    | Found a runed door.
 10527 | Orc:2    | Noticed Sonja
 10538 | Orc:2    | Killed Sonja
 10541 | Orc:2    | Reached ***** piety under Makhleb
 10548 | Orc:2    | Found a roughly hewn altar of Beogh.
 10607 | Orc:2    | Found Utyhioz's Book Boutique.
 10785 | Orc:2    | Found Tyeph's General Store.
 10791 | Orc:2    | Bought a scroll of blinking for 97 gold pieces
 10791 | Orc:2    | Bought a scroll of teleportation for 39 gold pieces
 10800 | Orc:2    | Found Xecij's Antique Weapon Boutique.
 10829 | Orc:2    | Found Melasi's Antique Armour Boutique.
 10836 | Orc:2    | Bought a pair of glowing gloves for 195 gold pieces
 10836 | Orc:2    | Bought a glowing cloak for 195 gold pieces
 10836 | Orc:2    | Bought a pair of boots for 117 gold pieces
 10914 | Orc:2    | Killed an orc warlord
 11122 | Orc:2    | Reached skill level 1 in Stealth
 11161 | Orc:2    | Noticed an orc high priest
 11178 | Orc:2    | Killed an orc high priest
 11239 | Orc:2    | Found a roughly hewn altar of Beogh.
 11482 | D:11     | Found a frozen archway.
 11507 | IceCv    | Entered an ice cave
 11566 | IceCv    | Reached XP level 13. HP: 116/116 MP: 12/12
 12472 | D:11     | Got a slimy great sword
 12478 | D:11     | Identified the cursed +1 great sword of Exoneration {antimagic, rF+ Int+2} (You found it on level 11 of the Dungeon)
 12830 | Lair:1   | Entered Level 1 of the Lair of Beasts
 13076 | Lair:1   | Reached skill level 15 in Polearms
 14385 | Lair:3   | Found a staircase to the Snake Pit.
 14616 | Lair:3   | Got a shimmering golden ring
 14618 | Lair:3   | Identified the ring "Qughunn" {Fire Str+4 Int+5 Dex-5} (You found it on level 3 of the Lair of Beasts)
 14653 | Lair:3   | Reached skill level 15 in Shields
 15214 | Lair:4   | Found a staircase to the Swamp.
 15243 | Lair:4   | Reached ****** piety under Makhleb
 15278 | Lair:4   | Found a labyrinth entrance.
 15296 | Lab      | Entered a labyrinth
 16046 | Lab      | Noticed a minotaur
 16056 | Lab      | Killed a minotaur
 16058 | Lab      | Got a vibrating ivory ring
 16065 | Lab      | Identified Zypn's Incunabulum of Shifting Attacks
 16092 | Lair:4   | Identified the ring of the Will of the Gods {Fire *Corrode rN+++ Dex+2} (You took it off a minotaur in a labyrinth)
 16143 | Lair:4   | Noticed Urug
 16156 | Lair:4   | Killed Urug
 16500 | Lair:4   | Reached XP level 14. HP: 108/126 MP: 13/13
 16836 | Lair:4   | Noticed Rupert
 16862 | Lair:4   | Killed Rupert
 17270 | Lair:5   | Found a transporter.
 17281 | Lair:5   | Noticed NorthaanB's ghost (journeyman OgNe)
 17306 | Lair:5   | Found a transporter.
 18151 | Lair:6   | Entered Level 6 of the Lair of Beasts
 18152 | Lair:6   | Identified a scroll of acquirement
 18661 | Lair:6   | Found the +7 mace of Variability {chain chaos}
 19100 | Lair:6   | Found a viscous altar of Jiyva.
 19100 | Lair:6   | Found a staircase to the Slime Pits.
 19365 | Lair:5   | Killed NorthaanB's ghost
 19606 | D:12     | Reached XP level 15. HP: 136/136 MP: 14/14
 20029 | D:12     | Noticed Kirke
 20039 | D:12     | Killed Kirke
 20069 | D:12     | Noticed Snorg
 20083 | D:12     | Killed Snorg
 20398 | D:12     | Found a bloodstained altar of Trog.
 20718 | D:13     | Found a gate to the Vaults.
 21292 | D:13     | Found Jiuch's Book Boutique.
 21839 | D:14     | Found a shimmering altar of Xom.
 22503 | D:14     | Found a blossoming altar of Fedhas.
 22535 | D:15     | Entered Level 15 of the Dungeon
 22742 | D:15     | Reached XP level 16. HP: 147/147 MP: 15/15
 23449 | D:15     | Found a staircase to the Depths.
 23855 | Snake:1  | Entered Level 1 of the Snake Pit
 24737 | Snake:2  | Reached skill level 15 in Fighting
 25506 | Snake:2  | You fall through a shaft!
 25755 | Snake:3  | Found Goavoeh's Gadget Boutique.
 25760 | Snake:3  | Found Gixe's Jewellery Emporium.
 25761 | Snake:3  | Found Weahup's Gadget Boutique.
 25867 | Snake:3  | Got an ichor-stained hand axe
 25868 | Snake:3  | Identified the cursed +0 hand axe of Lies {chaos, Str+4} (You found it on level 3 of the Snake Pit)
 26197 | Snake:3  | Noticed Asterion
 26244 | Snake:3  | Noticed an Executioner
 26270 | Snake:3  | Killed Asterion
 26298 | Snake:3  | Reached XP level 17. HP: 53/156 MP: 16/16
 26901 | Snake:4  | Entered Level 4 of the Snake Pit
 27719 | Snake:4  | Reached skill level 15 in Armour
 27878 | Snake:4  | Got a serpentine rune of Zot
 28165 | Swamp:1  | Entered Level 1 of the Swamp
 28437 | Swamp:1  | Reached XP level 18. HP: 167/167 MP: 17/17
 29459 | Swamp:2  | Found a runed gate.
 29460 | Swamp:2  | Found a runed gate.
 29461 | Swamp:2  | Found a runed gate.
 29463 | Swamp:2  | Noticed Enoap's ghost (journeyman DsTm)
 29659 | Swamp:2  | Killed Enoap's ghost
 29680 | Swamp:2  | Got a fine cloak
 29691 | Swamp:2  | Identified the cursed +0 cloak "Wietius" {rPois} (You found it on level 2 of the Swamp)
 30537 | Swamp:4  | Entered Level 4 of the Swamp
 30754 | Swamp:4  | Reached skill level 5 in Dodging
 30776 | Swamp:4  | Noticed the 27-headed Lernaean hydra
 30783 | Swamp:4  | Killed the 27-headed Lernaean hydra
 30953 | Swamp:4  | Got a decaying rune of Zot
 31908 | Depths:1 | Entered Level 1 of the Depths
 32065 | Depths:1 | Found a one-way gate leading to the halls of Pandemonium.
 32381 | Depths:1 | Found a gateway to Hell.
 32410 | Depths:1 | Reached XP level 19. HP: 177/177 MP: 18/18
 33190 | Depths:1 | Noticed a lich
 33200 | Depths:1 | Killed a lich
 33300 | Depths:2 | Noticed Saint Roka
 33328 | Depths:2 | Killed Saint Roka
 33731 | Depths:2 | Got a brightly glowing garnet amulet
 33733 | Depths:2 | Identified the amulet "Louschoh" {Gourm rN+ Int+4} (You found it on level 2 of the Depths)
 34007 | Depths:2 | Reached XP level 20. HP: 189/189 MP: 19/19
 34168 | Depths:2 | Got a translucent bardiche {antimagic}
 34169 | Depths:2 | Identified the +8 bardiche of Taohocy {antimagic, rN+} (You took it off a deep elf annihilator on level 2 of the Depths)
 35037 | Depths:3 | Noticed Mennas
 35075 | Depths:3 | Killed Mennas
 35131 | Depths:3 | Noticed a golden dragon
 35233 | Depths:3 | Noticed a caustic shrike
 35240 | Depths:3 | Noticed a caustic shrike
 35240 | Depths:3 | Noticed a caustic shrike
 35253 | Depths:3 | Noticed a caustic shrike
 35255 | Depths:3 | Killed a caustic shrike
 35262 | Depths:3 | Killed a caustic shrike
 35271 | Depths:3 | Killed a caustic shrike
 35288 | Depths:3 | Killed a caustic shrike
 35559 | Depths:3 | Got a dull robe
 35572 | Depths:3 | Identified the +2 robe of Uskayaw's Generosity {MP+9} (You took it off a tengu warrior on level 3 of the Depths)
 36109 | Depths:3 | Found a burning altar of Makhleb.
 36212 | Depths:3 | Killed a golden dragon
 36212 | Depths:3 | Reached XP level 21. HP: 134/199 MP: 20/20
 36247 | Depths:3 | Got a faintly glowing large shield
 36402 | Depths:3 | Identified the +2 large shield "Qaetsag" {Str+2} (You took it off Mennas on level 3 of the Depths)
 36436 | Depths:3 | Found a bloodstained altar of Trog.
 36482 | Depths:3 | Found a gateway to a ziggurat.
 36506 | Depths:3 | Reached skill level 1 in Maces & Flails
 36508 | Depths:3 | Got a scintillating lapis lazuli ring
 36639 | Depths:3 | Reached skill level 27 in Shields
 36721 | Depths:3 | Identified the ring "Qiextoh" {rPois rC+ Int+4 Stlth+} (You took it off a spriggan air mage on level 3 of the Depths)
 36888 | Depths:3 | Found an ornate altar of the Wu Jian Council.
 36938 | Depths:3 | Found a shattered altar of Ashenzari.
 37112 | Depths:3 | Paralysed by a great orb of eyes for 5 turns
 37175 | Depths:3 | Got a glittering graven amulet
 37228 | Depths:3 | Identified the amulet of Gamol {Gourm *Slow Str+7 Stlth+} (You found it on level 3 of the Depths)
 37642 | Elf:1    | Entered Level 1 of the Elven Halls
 37744 | Elf:1    | Reached skill level 5 in Maces & Flails
 37789 | Elf:1    | Noticed Nikola
 37825 | Elf:1    | Killed Nikola
 38331 | Elf:1    | Cast into level 2 of the Abyss (a deep elf demonologist)
 38354 | Elf:1    | Escaped the Abyss
 38693 | Elf:2    | Noticed Jorgrun
 38694 | Elf:2    | Found a deep blue altar of Sif Muna.
 38710 | Elf:2    | Killed Jorgrun
 38713 | Elf:2    | Noticed Jessica
 38766 | Elf:2    | Killed Jessica
 38949 | Elf:2    | Found a runed gate.
 38949 | Elf:2    | Found a runed gate.
 38952 | Elf:2    | Found a runed gate.
 39220 | Elf:2    | Noticed Donald
 39243 | Elf:2    | Killed Donald
 39267 | Elf:2    | Reached skill level 10 in Maces & Flails
 39631 | Elf:3    | Entered Level 3 of the Elven Halls
 39849 | Elf:3    | Reached XP level 22. HP: 211/211 MP: 21/21
 40043 | Elf:3    | Cast into level 2 of the Abyss (a deep elf sorcerer)
 40182 | Elf:3    | Escaped the Abyss
 40597 | Elf:3    | Identified the ring "Xyce" {+Fly rElec Int-5 Slay+3 SInv} (You took it off a deep elf archer on level 3 of the Elven Halls)
 40660 | Elf:3    | Found the -2 hat of the Alchemist {rElec rPois rF+ rC+ rN+ MR+ rMut rCorr}
 40721 | Elf:3    | Got a pair of heavily runed gloves
 40727 | Elf:3    | Identified the +2 pair of gloves "Xecw" {rPois} (You found it on level 3 of the Elven Halls)
 40775 | Elf:3    | Identified the Handbook of Mutagenic Hexes
 40782 | Elf:3    | Identified the amulet "Yghin" {Inacc rPois rN+} (You found it on level 3 of the Elven Halls)
 41563 | Depths:4 | Found a one-way gate to the infinite horrors of the Abyss.
 41955 | Depths:4 | Noticed a golden dragon
 41967 | Depths:4 | Killed a golden dragon
 42293 | Depths:4 | Cast into level 3 of the Abyss (a lich)
 42460 | Abyss:3  | Paralysed by accursed screaming for 1 turns
 42821 | Abyss:4  | Found a hazy altar of Hepliaklqana.
 42864 | Abyss:4  | Paralysed by accursed screaming for 1 turns
 42954 | Abyss:5  | Entered Level 5 of the Abyss
 42954 | Abyss:5  | Found a corrupted altar of Lugonu.
 43060 | Abyss:5  | Found a corrupted altar of Lugonu.
 43112 | Abyss:5  | Reached XP level 23. HP: 152/222 MP: 14/22
 43282 | Abyss:5  | Reached skill level 15 in Maces & Flails
 43379 | Abyss:5  | Paralysed by accursed screaming for 1 turns
 43384 | Abyss:5  | Paralysed by accursed screaming for 1 turns
 43536 | Abyss:5  | Paralysed by accursed screaming for 1 turns
 43649 | Abyss:5  | Noticed an ancient lich
 43670 | Abyss:5  | Killed an ancient lich
 44003 | Abyss:5  | Noticed an ancient lich
 44014 | Abyss:5  | Killed an ancient lich
 44222 | Abyss:5  | Paralysed by accursed screaming for 1 turns
 44226 | Abyss:5  | Paralysed by accursed screaming for 1 turns
 44302 | Abyss:5  | Gained mutation: You are clumsy. (Dex -2) [a neqoxec]
 44332 | Abyss:5  | Lost intelligence.
 44623 | Abyss:5  | Gained mutation: You are dopey. (Int -2) [a neqoxec]
 44624 | Abyss:5  | Lost mutation: You are clumsy. (Dex -2) [a neqoxec]
 44649 | Abyss:5  | Lost intelligence.
 44657 | Depths:4 | Escaped the Abyss
 45612 | Depths:4 | Reached XP level 24. HP: 236/236 MP: 22/22
 45741 | Depths:4 | Found a snail-covered altar of Cheibriados.
 45886 | Depths:5 | Entered Level 5 of the Depths
 45886 | Depths:5 | Noticed Jory
 45902 | Depths:4 | Killed Jory
 46048 | Depths:5 | Paralysed by a floating eye for 2 turns
 46054 | Depths:5 | Paralysed by a floating eye for 2 turns
 46239 | Depths:5 | Found a huge runed gate.
 46239 | Depths:5 | Found a huge runed gate.
 46239 | Depths:5 | Found a huge runed gate.
 46239 | Depths:5 | Found a huge runed gate.
 46239 | Depths:5 | Found a huge runed gate.
 46239 | Depths:5 | Found a huge runed gate.
 46241 | Depths:5 | Found a huge runed gate.
 46260 | Depths:5 | Found a huge runed gate.
 46260 | Depths:5 | Found a huge runed gate.
 46260 | Depths:5 | Found a huge runed gate.
 46321 | Depths:5 | Found a huge runed gate.
 46321 | Depths:5 | Found a huge runed gate.
 46321 | Depths:5 | Found a huge runed gate.
 46321 | Depths:5 | Found a huge runed gate.
 46321 | Depths:5 | Found a huge runed gate.
 46321 | Depths:5 | Found a huge runed gate.
 46321 | Depths:5 | Found a huge runed gate.
 46321 | Depths:5 | Found a huge runed gate.
 46321 | Depths:5 | Found a huge runed gate.
 46321 | Depths:5 | Found a huge runed gate.
 46580 | Depths:5 | Found a gate to the Realm of Zot.
 46983 | Depths:5 | Found a huge runed gate.
 46983 | Depths:5 | Found a huge runed gate.
 46983 | Depths:5 | Found a huge runed gate.
 46983 | Depths:5 | Found a huge runed gate.
 46983 | Depths:5 | Found a huge runed gate.
 46983 | Depths:5 | Found a huge runed gate.
 47009 | Depths:5 | Paralysed by a floating eye for 3 turns
 47142 | Depths:5 | Paralysed by a floating eye for 4 turns
 47522 | Vaults:1 | Entered Level 1 of the Vaults
 47883 | Vaults:1 | Found Zaahexoh's Antique Weapon Shoppe.
 48055 | Vaults:1 | Found Noiluh's Distillery.
 48083 | Vaults:1 | Bought a potion of heal wounds for 75 gold pieces
 48083 | Vaults:1 | Bought a potion of curing for 45 gold pieces
 48083 | Vaults:1 | Bought a potion of curing for 45 gold pieces
 48083 | Vaults:1 | Bought a potion of mutation for 120 gold pieces
 48133 | Vaults:1 | Found Ycitaf's Magic Scroll Shop.
 48133 | Vaults:1 | Found Etsit's Food Shoppe.
 48139 | Vaults:1 | Bought a scroll of teleportation for 60 gold pieces
 48139 | Vaults:1 | Bought a scroll of fear for 70 gold pieces
 48139 | Vaults:1 | Bought a scroll of fog for 40 gold pieces
 48139 | Vaults:1 | Bought a scroll of identify for 40 gold pieces
 48139 | Vaults:1 | Bought a scroll of identify for 40 gold pieces
 48139 | Vaults:1 | Bought a scroll of identify for 40 gold pieces
 48375 | Vaults:1 | Found Doir's Jewellery Shoppe.
 48477 | Vaults:1 | Reached XP level 25. HP: 249/249 MP: 20/22
 49032 | Vaults:2 | Found Heacsurph's Magic Scroll Shoppe.
 49040 | Vaults:2 | Bought a scroll of brand weapon for 380 gold pieces
 49040 | Vaults:2 | Bought a scroll of teleportation for 57 gold pieces
 49040 | Vaults:2 | Bought a scroll of magic mapping for 66 gold pieces
 49040 | Vaults:2 | Bought a scroll of identify for 38 gold pieces
 49040 | Vaults:2 | Bought a scroll of acquirement for 988 gold pieces
 49040 | Vaults:2 | Bought a scroll of magic mapping for 66 gold pieces
 49495 | Vaults:2 | Learned a level 8 spell: Controlled Blink
 49620 | Vaults:2 | Reached skill level 1 in Spellcasting
 49716 | Vaults:2 | Reached skill level 1 in Translocations
 50483 | Vaults:3 | Found a staircase to the Crypt.
 50532 | Vaults:3 | Found Ufewke's Jewellery Shop.
 50815 | Vaults:3 | Found a magical portal.
 50820 | WizLab   | Entered The Roulette of Golubria
 50820 | WizLab   | Found a transporter.
 50827 | WizLab   | Found a corrupted altar of Lugonu.
 50850 | WizLab   | Found a transporter.
 50963 | WizLab   | Paralysed by accursed screaming for 1 turns
 50969 | WizLab   | Found a transporter.
 50969 | WizLab   | Found a transporter.
 50996 | WizLab   | Found a transporter.
 51016 | WizLab   | Found a corrupted altar of Lugonu.
 51016 | WizLab   | Found a transporter.
 51093 | WizLab   | Found a transporter.
 51166 | WizLab   | Found a transporter.
 51200 | WizLab   | Found a transporter.
 51328 | WizLab   | Found a transporter.
 51347 | WizLab   | Found a transporter.
 51463 | WizLab   | Identified the +3 cloak "Rowiecum" {+Fly rElec Str+3 Stlth-} (You found it in a wizard's laboratory)
 51476 | WizLab   | Identified the +5 cloak "Danaatas" {MR++} (You found it in a wizard's laboratory)
 51569 | WizLab   | Found a transporter.
 51569 | WizLab   | Found a transporter.
 51631 | WizLab   | Found a transporter.
 51631 | WizLab   | Found a transporter.
 51667 | WizLab   | Found a transporter.
 51667 | WizLab   | Found a transporter.
 51686 | WizLab   | Reached skill level 5 in Spellcasting
 51716 | WizLab   | Found a transporter.
 51716 | WizLab   | Found a transporter.
 51829 | WizLab   | Found a transporter.
 52252 | Vaults:3 | Bought the ring "Xaxkadool" {rC+ MR+ Str-3 Dex+4} for 780 gold pieces
 52558 | Vaults:3 | Reached skill level 5 in Translocations
 53131 | Vaults:4 | Found Lyakiq's Jewellery Emporium.
 53159 | Vaults:4 | Bought the ring "Xiunuekhlab" {+Blink +Fly rN++ Int-2 Dex+4} for 1108 gold pieces
 53370 | Vaults:4 | Found Ytrutul's General Store.
 53374 | Vaults:4 | Found Utyupum's Armour Shop.
 53526 | Vaults:4 | Reached XP level 26. HP: 261/261 MP: 31/31
 53611 | Vaults:4 | Found Peun Ihi's Magic Scroll Boutique.
 53628 | Vaults:4 | Bought a scroll of identify for 20 gold pieces
 53628 | Vaults:4 | Bought a scroll of teleportation for 30 gold pieces
 53628 | Vaults:4 | Bought a scroll of enchant armour for 75 gold pieces
 53628 | Vaults:4 | Bought a scroll of enchant weapon for 75 gold pieces
 53628 | Vaults:4 | Bought a scroll of identify for 20 gold pieces
 53628 | Vaults:4 | Bought a scroll of magic mapping for 35 gold pieces
 53628 | Vaults:4 | Bought a scroll of enchant armour for 75 gold pieces
 53970 | Vaults:4 | Found Qaliumm's Weapon Shoppe.
 54199 | Vaults:5 | Entered Level 5 of the Vaults
 54205 | Vaults:5 | Noticed Mara
 54275 | Vaults:5 | Noticed galech's illusion
 54468 | Vaults:5 | Noticed galech's illusion
 54485 | Vaults:5 | Killed Mara
 55280 | Vaults:5 | Reached skill level 10 in Translocations
 55466 | Vaults:5 | Reached skill level 10 in Spellcasting
 55482 | Vaults:5 | Identified the +8 fire dragon scales of Daylegoub {*Drain rF++ rC- Dex+8 Slay+6} (You took it off a deep elf high priest on level 5 of the Vaults)
 55490 | Vaults:5 | Found Qyfuquoff's Jewellery Boutique.
 55496 | Vaults:5 | Identified the Compendium of the Harmful Volcanoes
 56009 | Vaults:5 | Reached XP level 27. HP: 271/271 MP: 36/36
 56142 | Vaults:5 | Reached skill level 27 in Fighting
 56183 | Vaults:5 | Noticed Bai Suzhen
 56215 | Vaults:5 | Killed Bai Suzhen
 56292 | Vaults:5 | Got a silver rune of Zot
 56301 | Vaults:5 | Identified Sif Muna's Handbook of Floating Enchantment
 56305 | Vaults:5 | Identified the Disquisition on Clay and the Compass
 56514 | Vaults:5 | Bought the ring "Ruic" {*Drain rN++ Str+3 Dex+3} for 610 gold pieces
 57216 | Crypt:1  | Entered Level 1 of the Crypt
 57325 | Crypt:1  | Noticed Sojobo
 57388 | Crypt:1  | Killed Sojobo
 58181 | Crypt:2  | Noticed Xtahua
 58198 | Crypt:2  | Killed Xtahua
 58531 | Crypt:2  | Found a corrupted altar of Lugonu.
 58838 | Crypt:3  | Entered Level 3 of the Crypt
 58910 | Crypt:3  | Noticed Boris
 58931 | Crypt:3  | Killed Boris
 59355 | Crypt:3  | Found a staircase to the Tomb.
 59667 | Tomb:1   | Entered Level 1 of the Tomb of the Ancients
 59826 | Tomb:1   | Noticed a greater mummy
 59835 | Tomb:1   | Killed a greater mummy
 59892 | Tomb:1   | Noticed a greater mummy
 59894 | Tomb:1   | Noticed a greater mummy
 60025 | Tomb:1   | Killed a greater mummy
 60276 | Tomb:1   | Killed a greater mummy
 60712 | Tomb:1   | Lost mutation: You are dopey. (Int -2) [the power of Zot]
 60815 | Tomb:2   | Noticed an ancient lich
 60825 | Tomb:2   | Killed an ancient lich
 60832 | Tomb:2   | Noticed a greater mummy
 60840 | Tomb:2   | Noticed a greater mummy
 60851 | Tomb:2   | Killed a greater mummy
 60882 | Tomb:2   | Killed a greater mummy
 60951 | Tomb:2   | Noticed a greater mummy
 60975 | Tomb:2   | Killed a greater mummy
 61412 | Tomb:1   | Noticed a greater mummy
 61417 | Tomb:1   | Noticed a greater mummy
 61422 | Tomb:1   | Noticed a greater mummy
 61424 | Tomb:1   | Killed a greater mummy
 61425 | Tomb:1   | Noticed a greater mummy
 61437 | Tomb:1   | Killed a greater mummy
 61444 | Tomb:1   | Killed a greater mummy
 61457 | Tomb:1   | Killed a greater mummy
 61585 | Tomb:1   | Noticed a greater mummy
 61602 | Tomb:1   | Killed a greater mummy
 61649 | Tomb:1   | Noticed a greater mummy
 61669 | Tomb:1   | Noticed a greater mummy
 61931 | Tomb:1   | Killed a greater mummy
 62087 | Tomb:1   | Noticed a greater mummy
 62087 | Tomb:1   | Noticed a greater mummy
 62092 | Tomb:1   | Killed a greater mummy
 62098 | Tomb:1   | Killed a greater mummy
 62112 | Tomb:1   | Killed a greater mummy
 62131 | Tomb:1   | Noticed a greater mummy
 62158 | Tomb:1   | Killed a greater mummy
 62397 | Tomb:1   | Noticed a greater mummy
 62404 | Tomb:1   | Noticed a greater mummy
 62408 | Tomb:1   | Killed a greater mummy
 62416 | Tomb:1   | Killed a greater mummy
 62535 | Tomb:1   | Noticed a greater mummy
 62543 | Tomb:1   | Killed a greater mummy
 62551 | Tomb:1   | Noticed a greater mummy
 62561 | Tomb:1   | Killed a greater mummy
 64823 | Tomb:3   | Entered Level 3 of the Tomb of the Ancients
 64854 | Tomb:3   | Noticed a greater mummy
 64856 | Tomb:3   | Noticed a greater mummy
 64864 | Tomb:3   | Noticed a greater mummy
 65315 | Tomb:3   | Noticed a greater mummy
 65315 | Tomb:3   | Noticed a greater mummy
 65352 | Tomb:3   | Noticed a greater mummy
 65381 | Tomb:3   | Noticed a greater mummy
 65393 | Tomb:3   | Killed a greater mummy
 65596 | Tomb:3   | Noticed a greater mummy
 65662 | Tomb:3   | Killed a greater mummy
 65887 | Tomb:3   | Killed a greater mummy
 65899 | Tomb:3   | Killed a greater mummy
 65985 | Tomb:3   | Killed a greater mummy
 65994 | Tomb:3   | HP: 17/409 [mummy priest/divine providence (16)]
 65994 | Tomb:3   | HP: 2/409 [smoke demon/divine providence[a mummy priest] (15)]
 65994 | Tomb:3   | Slain by a guardian mummy

Vault maps used:
D:1:      matt_arrival_diagonals
D:2:      nicolae_overflow_crystal_walls, kennysheep_small_spiral, uniq_robin,
          uniq_terence
D:3:      lemuel_upstairs_altar, first_ration, lemuel_another_geyser
D:4:      nemelex_spade_bored_becter
D:5:      lightli_temple_of_fire, kennysheep_little_box, minmay_checkerbox
D:6:      lemuel_doored_altar, hangedman_ru_absence, lemuel_round_altar,
          minitemple, minmay_temple_entry_enclosed_plants
D:8:      minmay_quarter_circles, lemuel_coloured_pillars_altar,
          lair_entry_dummy, serial_corexii_hall, corexii_hall_statues_s,
          corexii_hall_statues_t, small_chamber_with_monster
D:9:      lemuel_crystal_altar, serial_shops, nicolae_shop_trees,
          hangedman_pestilent_swarm
D:10:     orc_0_dummy, minmay_radiant, uniq_josephine
D:11:     portal_ice_cave_entry_pillars_1
D:12:     trog_wizard, uniq_snorg, uniq_kirke
D:13:     lightli_vaults_fourway_checkpoint, serial_shops,
          nicolae_shop_behind_doors, minivault_14
D:14:     fedhas_altar_4, basic_altar
D:15:     grunt_enter_depths_snipers, minmay_misc_feat_chi, pf_eden
Temple:   minmay_temple_bridge_abc
Lair:1:   guppyfry_lair_drakes, grunt_megastairs_5
Lair:2:   st_stairs_9, infiniplex_staircase_pool
Lair:3:   dummy_snake_entry, beast_lair_carwin_4
Lair:4:   regret_index_combs_of_tragedy, swamp_mist_pool, lab_entry_generic,
          uniq_rupert, uniq_urug
Lair:5:   beast_lair_carwin_large_4, gammafunk_ghost_arena
Lair:6:   minmay_lair_end_enchanted_forest, dpeg_slime_entry_enclosed_altar
Swamp:1:  serial_swamp_ruin, evilmike_swamp_ruin_house_4,
          evilmike_swamp_ruin_house_5, swamp_pool1
Swamp:2:  gammafunk_ghost_necromancy, evilmike_swamp_ruin_rubble_2
Swamp:3:  nicolae_swamp_dense_foliage
Swamp:4:  swamp_old_school, nicolae_swamp_feature_on_the_river_bank
Snake:3:  st_stairs_5, minmay_shop_grove, uniq_asterion
Snake:4:  snake_pit
Orc:1:    mines_bat_river
Orc:2:    grunt_orc_cross, special_room, lightli_church_of_beogh, uniq_erolcha,
          uniq_maurice, uniq_sonja
Elf:1:    eino_elf_arrival_customs, orc_legates, uniq_nikola
Elf:2:    tgw_sif, uniq_donald, uniq_jorgrun
Elf:3:    minmay_elf_hall_x
Vaults:1: v_misc_19, nicolae_vaults_hallways_thing,
          ontoclasm_vaults_ring_square, v_rooms_6, nicolae_vaults_statue_guard,
          v_misc_15, nicolae_vaults_specimen_jars, nicolae_vaults_puzzle_piece,
          vaults_room_grid, hangedman_vaults_trim, serial_shops, shop,
          nicolae_shop_overgrown_old_shop, shop, shop, shop
Vaults:2: v_misc_23, nicolae_vaults_network_s, hangedman_vaults_stagger,
          nicolae_vaults_an_arrangement, v_rooms_1,
          nicolae_vaults_ninety_degrees, hangedman_vaults_variations,
          ontoclasm_vaults_ligature, hangedman_vaults_maws,
          vaults_dpeg_diagonal, vaults_dpeg_ring, vaults_room_semicircle,
          serial_shops, shop
Vaults:3: minmay_crypt_entry_simple_corners, v_misc_33,
          nicolae_vaults_sealed_display, v_misc_28, ontoclasm_vaults_bender,
          v_pattern_2, nicolae_vaults_gold_heap,
          nicolae_vaults_little_squares_2, vaults_room_guarded_vault,
          nicolae_vaults_diagonal_hallway_8, nicolae_vaults_little_squares_1,
          grunt_vaults_funnel, v_misc_29, ontoclasm_vaults_claustrophobia,
          serial_shops, nicolae_shop_crystal, mu_enter_wizlab_2
Vaults:4: v_misc_29, nicolae_vaults_border_crossing,
          ontoclasm_vaults_decontamination, ontoclasm_vaults_hangar,
          nicolae_vaults_mini_display_case, vaults_room_pool,
          ontoclasm_vaults_shout, vaults_room_hallway, v_misc_12, serial_shops,
          nicolae_shop_waterfront, shop, shop_fountains, shop, shop
Vaults:5: uniq_mara, uniq_bai_suzhen
Crypt:1:  uniq_sojobo
Crypt:2:  due_chaos_kobolds, roderic_lattice_octagonal_star, lemuel_elevator,
          uniq_xtahua
Crypt:3:  david_glass_crypt, nicolae_tomb_entry_unfolded_pyramid_diagonal,
          st_stairs_10, uniq_boris
Depths:1: hex_medium, pan_entry, hell_entry, minmay_misc_feat_enclosed,
          minmay_crystal_water, minmay_orc_keep
Depths:2: minmay_the_grid_triangle_9x9_rhombus_full, rand_demon_pan_entry_7,
          hell_entry, serial_bayou_shore_a, uniq_saint_roka
Depths:3: grunt_profane_halls, hell_entry, pan_entry, uniq_mennas
Depths:4: pf_snail_temple, minmay_room_of_horrors,
          hangedman_abyss_or_decor_lesser_grid, pf_coc_iceberg
Depths:5: grunt_zot_entry_alcove, grunt_mini_vestibule,
          hangedman_abyss_entry_splay, door_vault, uniq_jory
Abyss:2:  gammafunk_abyss_exit_x_factor
Abyss:3:  onia_ninara_dug_in_and_dangerous,
          evilmike_nicolae_abyss_rune_betentacled_crabyss,
          guppyfry_abyss_exit_glass_guarded
Abyss:4:  evilmike_abyss_exit_11, minivault_25_ag
Abyss:5:  evilmike_abyss_exit_2, hangedman_abyss_mock_shop,
          evilmike_abyss_rune_tso_outpost, evilmike_abyss_exit_12
Lab:      labyrinth_spiral, nicolae_lab_lava, nicolae_lab_checkerboard,
          nicolae_lab_flowing_pool
IceCv:    ice_cave_small_dragons
WizLab:   wizlab_golubria

Skill      XL: |  1  2  3  4  5  6  7  8  9 10 11 12 13 14 15 16 17 18 19 20 21 22 23 24 25 26 27 |
---------------+----------------------------------------------------------------------------------+-----
Shields        | 4 5 6 7 8 10 12 14 16 18 19 21 23 24 25 26 27 | 27.0
Armour         | 4 5 6 8 9 10 11 12 13 14 15 16 17 18 20 21 24 | 24.7
Fighting       | 4 5 6 7 8 9 11 12 13 14 15 16 17 18 19 20 21 23 25 26 27 | 27.0
Long Blades    | 3 4 |  4.0
Polearms       | 1 2 4 6 9 10 12 13 14 15 16 17 18 19 20 | 20.8
Dodging        | 1 2 3 4 5 6 7 8 |  8.3
Stealth        | 1 2 3 |  3.1
Maces & Flails | 11 14 17 19 20 22 | 22.9
Spellcasting   | 6 10 13 | 13.4
Translocations | 6 10 14 | 14.2
Evocations     | |  0.4

Action                   |  1- 3 |  4- 6 |  7- 9 | 10-12 | 13-15 | 16-18 | 19-21 | 22-24 | 25-27 || total
-------------------------+-------+-------+-------+-------+-------+-------+-------+-------+-------++-------
Melee: Long sword        |    90 |       |       |       |       |       |       |       |       ||    90
       Headbutt          |    12 |    20 |    49 |   260 |   738 |   669 |   789 |  1122 |  1613 ||  5272
       Trident           |    15 |   196 |   312 |   943 |  2109 |   860 |       |       |       ||  4435
       Halberd           |       |       |     3 |       |       |       |       |       |       ||     3
       Demon trident     |       |       |       |       |       |  1452 |  1415 |       |       ||  2867
       Sacred scourge    |       |       |       |       |       |       |   777 |  2673 |  3924 ||  7374
 Abil: Evoke Berserk Rag |       |       |       |     1 |       |       |       |       |       ||     1
Evoke: Wand              |       |       |       |       |       |       |       |       |     1 ||     1
  Use: Scroll            |       |       |     9 |     1 |    17 |    18 |    10 |     9 |    53 ||   117
       Potion            |       |       |       |       |       |       |     3 |       |    29 ||    32
 Stab: Confused          |       |       |       |       |       |     2 |       |       |       ||     2
       Distracted        |       |       |       |       |       |       |     3 |       |       ||     3
       Invisible         |       |       |       |       |       |       |       |       |     4 ||     4
       Fleeing           |       |       |       |       |       |       |       |       |     1 ||     1
  Eat: Chunk             |       |     4 |    10 |    18 |    32 |    23 |    24 |    21 |    35 ||   167
       Ration            |       |     1 |       |     1 |     2 |     3 |     1 |     3 |     8 ||    19
Armor: Plate armour      |    83 |   110 |   109 |   191 |   435 |   610 |   526 |   656 |   984 ||  3704
       Steam dragon scal |       |       |     1 |       |       |       |       |       |       ||     1
       Ice dragon scales |       |       |       |       |     1 |    14 |    25 |       |       ||    40
Dodge: Dodged            |    13 |    29 |    57 |   199 |   358 |   507 |   490 |   696 |   893 ||  3242
Block: Shield            |    59 |    91 |   135 |   512 |    51 |       |       |       |       ||   848
       Large shield      |       |       |       |       |  1441 |  2036 |  2166 |  2476 |  4049 || 12168
       Rpst.: Long sword |     4 |       |       |       |       |       |       |       |       ||     4

Table legend:
 A = Spawn XP
 B = Non-spawn XP
 C = Spawn XP percentage of total XP
 D = Spawn monster count
 E = Non-spawn monster count
 F = Spawn count percentage of total count
 G = Total turns spent on level
                    A         B        C        D         E        F      G
               +---------+---------+-------+---------+---------+-------+---------
         Total |  147771 | 1822960 |   7.5 |     205 |    2906 |   6.6 | 65994
               +---------+---------+-------+---------+---------+-------+---------
           D:1 |       0 |      26 |   0.0 |       0 |      16 |   0.0 |   496
           D:2 |       0 |     100 |   0.0 |       0 |      28 |   0.0 |   447
           D:3 |       0 |     184 |   0.0 |       0 |      27 |   0.0 |   931
           D:4 |       0 |      81 |   0.0 |       0 |       7 |   0.0 |   993
           D:5 |       0 |     618 |   0.0 |       0 |      14 |   0.0 |   647
           D:6 |       0 |     483 |   0.0 |       0 |      12 |   0.0 |   865
           D:7 |       0 |    1455 |   0.0 |       0 |      30 |   0.0 |   881
           D:8 |       0 |    6675 |   0.0 |       0 |      46 |   0.0 |  1966
           D:9 |       0 |    2607 |   0.0 |       0 |      22 |   0.0 |  1030
          D:10 |       0 |    5169 |   0.0 |       0 |      23 |   0.0 |   846
          D:11 |       0 |    1798 |   0.0 |       0 |      23 |   0.0 |   726
          D:12 |       0 |   11105 |   0.0 |       0 |      45 |   0.0 |  1051
          D:13 |       0 |   19511 |   0.0 |       0 |      55 |   0.0 |  1243
          D:14 |       0 |   14050 |   0.0 |       0 |      49 |   0.0 |  1012
          D:15 |       0 |   19632 |   0.0 |       0 |      49 |   0.0 |  1354
        Lair:1 |       0 |    2973 |   0.0 |       0 |      16 |   0.0 |   999
        Lair:2 |       0 |    2187 |   0.0 |       0 |      11 |   0.0 |   667
        Lair:3 |       0 |    5601 |   0.0 |       0 |      26 |   0.0 |  1035
        Lair:4 |       0 |   13864 |   0.0 |       0 |      62 |   0.0 |  1200
        Lair:5 |       0 |   19385 |   0.0 |       0 |      53 |   0.0 |  1131
        Lair:6 |       0 |   12804 |   0.0 |       0 |      59 |   0.0 |  1151
       Swamp:1 |       0 |   16257 |   0.0 |       0 |      50 |   0.0 |   836
       Swamp:2 |       0 |   11717 |   0.0 |       0 |      38 |   0.0 |   893
       Swamp:3 |       0 |   13275 |   0.0 |       0 |      41 |   0.0 |   711
       Swamp:4 |       0 |   29543 |   0.0 |       0 |      52 |   0.0 |  1046
       Snake:1 |       0 |   14953 |   0.0 |       0 |      30 |   0.0 |   780
       Snake:2 |       0 |   14174 |   0.0 |       0 |      21 |   0.0 |  1007
       Snake:3 |       0 |   25957 |   0.0 |       0 |      47 |   0.0 |  1449
       Snake:4 |       0 |   59831 |   0.0 |       0 |      95 |   0.0 |   936
         Orc:1 |       0 |    6782 |   0.0 |       0 |      56 |   0.0 |  1023
         Orc:2 |       0 |   12225 |   0.0 |       0 |      60 |   0.0 |  1564
         Elf:1 |       0 |   31803 |   0.0 |       0 |      53 |   0.0 |   919
         Elf:2 |       0 |   38695 |   0.0 |       0 |      58 |   0.0 |  1134
         Elf:3 |       0 |   59670 |   0.0 |       0 |      60 |   0.0 |  1241
      Vaults:1 |       0 |   43710 |   0.0 |       0 |      73 |   0.0 |  1279
      Vaults:2 |       0 |   60984 |   0.0 |       0 |     107 |   0.0 |  1678
      Vaults:3 |       0 |   63842 |   0.0 |       0 |      91 |   0.0 |  1636
      Vaults:4 |       0 |   80655 |   0.0 |       0 |     102 |   0.0 |  1352
      Vaults:5 |       0 |  150442 |   0.0 |       0 |     133 |   0.0 |  2436
       Crypt:1 |       0 |   50947 |   0.0 |       0 |      59 |   0.0 |   881
       Crypt:2 |       0 |   45938 |   0.0 |       0 |      61 |   0.0 |   741
       Crypt:3 |       0 |   59209 |   0.0 |       0 |      63 |   0.0 |   829
        Tomb:1 |       0 |  167162 |   0.0 |       0 |     101 |   0.0 |  4336
        Tomb:2 |       0 |   66379 |   0.0 |       0 |      72 |   0.0 |  1390
        Tomb:3 |       0 |   58271 |   0.0 |       0 |      53 |   0.0 |   601
      Depths:1 |       0 |   69777 |   0.0 |       0 |     100 |   0.0 |  1376
      Depths:2 |       0 |   72339 |   0.0 |       0 |      92 |   0.0 |  1917
      Depths:3 |       0 |  131785 |   0.0 |       0 |     130 |   0.0 |  2308
      Depths:4 |    3318 |   82962 |   3.8 |       2 |      92 |   2.1 |  2219
      Depths:5 |       0 |   94329 |   0.0 |       0 |      74 |   0.0 |  1461
       Abyss:2 |     189 |     554 |  25.4 |       1 |       3 |  25.0 |   162
       Abyss:3 |   14362 |   11365 |  55.8 |      19 |      22 |  46.3 |   525
       Abyss:4 |    7047 |     667 |  91.4 |       6 |       7 |  46.2 |   136
       Abyss:5 |  122855 |    8984 |  93.2 |     177 |      63 |  73.8 |  1703
           Lab |       0 |    2159 |   0.0 |       0 |       5 |   0.0 |   794
         IceCv |       0 |    5526 |   0.0 |       0 |      20 |   0.0 |   694
        WizLab |       0 |   19784 |   0.0 |       0 |      49 |   0.0 |  1131
               +---------+---------+-------+---------+---------+-------+---------
